 Dungeon Crawl Stone Soup version 0.18.1-47-g9310371 (webtiles) character file.

224 Firecrotchwizard the Cudgeler (level 5, -2/69 HPs)
             Began as a Minotaur Berserker on June 19, 2016.
             Was a Priest of Trog.
             Slain by Vorime's ghost (8 damage)
             ... on level 3 of the Dungeon.
             The game lasted 00:12:42 (2068 turns).

Firecrotchwizard the Cudgeler (Minotaur Berserker)  Turns: 2068, Time: 00:12:43

Health: -2/69      AC: 10    Str: 26    XL:     5   Next: 67%
Magic:  4/4        EV:  8    Int:  4    God:    Trog [***...]
Gold:   182        SH:  3    Dex: 11    Spells: 0 memorised, 4 levels left

rFire  . . .     SeeInvis .     y - +0 flail
rCold  . . .     Gourm    .     n - +1 chain mail
rNeg   . . .     Faith    +     b - +0 buckler
rPois  .         Spirit   .     (helmet restricted)
rElec  .         Dismiss  .     (no cloak)
rCorr  .         Reflect  .     (no gloves)
SustAt .         Harm     .     (no boots)
MR     ++...                    q - amulet of faith
Stlth  ..........               (no ring)
                                s - ring of wizardry

@: berserking, regenerating, very quick, very resistant to hostile enchantments,
extremely unstealthy
A: retaliatory headbutt, horns 2
a: Berserk, Trog's Hand, Burn Spellbooks, Renounce Religion


You were on level 3 of the Dungeon.
You worshipped Trog.
Trog was most pleased with you.
You were hungry.

You visited 1 branch of the dungeon, and saw 3 of its levels.

You collected 182 gold pieces.

Inventory:

Hand Weapons
 a - a +0 mace
 y - a +0 flail (weapon)
Armour
 b - a +0 buckler (worn)
 n - a +1 chain mail (worn)
Jewellery
 q - an amulet of faith (around neck)
 s - a ring of wizardry (left hand)
Wands
 r - a wand of enslavement (11/24)
Scrolls
 g - 3 scrolls of identify
 h - a scroll of enchant weapon {unknown}
 i - 4 scrolls of remove curse
 j - a scroll of blinking {unknown}
 l - a scroll of recharging {unknown}
 m - a scroll of teleportation {unknown}
 p - a scroll of enchant armour
 w - a scroll of fog {unknown}
 x - a scroll of immolation
Potions
 e - a potion of haste
 f - 2 potions of berserk rage {unknown}
 k - 2 potions of mutation {unknown}
 o - a potion of cancellation {unknown}
 u - 2 potions of curing {unknown}
 v - a potion of might
 z - a potion of beneficial mutation {unknown}
Comestibles
 c - 2 bread rations
 d - 2 slices of pizza
 t - a meat ration


   Skills:
 + Level 4.2 Fighting
 + Level 7.3 Maces & Flails
 + Level 2.8 Armour
 - Level 2.1 Dodging


You had 4 spell levels left.
You didn't know any spells.

Dungeon Overview and Level Annotations

Branches:
Dungeon (3/15)

Altars:
Nemelex Xobeh

Annotations:
D:3 Vorime's ghost, amateur MiBe


Innate Abilities, Weirdness & Mutations

You reflexively headbutt those who attack you in melee.
You have a pair of horns on your head.


Message History

Vorime's ghost hits you.
You are electrocuted!
* * * LOW HITPOINT WARNING * * *
Your skin crawls.
You feel resistant to hostile enchantments.
You feel slightly more hungry.
Vorime's ghost hits you but does no damage.
A red film seems to cover your vision as you go berserk!
You feel yourself moving faster!
You feel mighty!
You are feeling hungry.
Vorime's ghost hits you but does no damage.
You are electrocuted!
* * * LOW HITPOINT WARNING * * *
You are too injured to fight recklessly!
You sock Vorime's ghost! You headbutt Vorime's ghost.
Vorime's ghost is heavily damaged.
You barely miss Vorime's ghost.
Vorime's ghost is heavily damaged.
Vorime's ghost hits you but does no damage.
You are electrocuted!
You die...

#......... .8## ..........
.########## .......... _#.......#
.......... #....(..# ..........
#.......# .......... #.......##
...........# #########.........
..............##'#.#)..........##
..#......# #...W@..............#.
#.#....... #......##.....#####.#.
#.######.# #......++.....# ##.#.
#......# # #......##.....####....
######.# #......#..............
....<#.# #......#........(.....
######.# ##+#####..............
.......# +.............. ########
#..............


You could see Vorime's ghost.

Vanquished Creatures
  2 orc priests (D:3)
  Ijyb (D:2)
  6 adders
  2 worms
  A dart slug (D:1)
  A giant gecko (D:3)
  9 orcs (D:3)
  A giant cockroach (D:3)
  9 goblins
  10 hobgoblins
  3 jackals (D:2)
  A quokka (D:2)
  4 bats
  4 giant newts
  9 kobolds
  A quokka zombie (D:3)
  7 rats
71 creatures vanquished.

Notes
Turn   | Place    | Note
--------------------------------------------------------------
     0 | D:1      | Firecrotchwizard the Minotaur Berserker began the quest for the Orb.
     0 | D:1      | Reached XP level 1. HP: 19/19 MP: 0/0
   350 | D:1      | Reached skill level 4 in Maces & Flails
   369 | D:1      | Reached XP level 2. HP: 21/27 MP: 1/1
   452 | D:1      | You fall through a shaft!
   668 | D:2      | Reached ** piety under Trog
   793 | D:2      | Reached XP level 3. HP: 32/33 MP: 2/2
   823 | D:2      | Reached skill level 5 in Maces & Flails
  1257 | D:2      | Noticed Ijyb
  1264 | D:2      | Killed Ijyb
  1264 | D:2      | Reached XP level 4. HP: 38/40 MP: 3/3
  1483 | D:3      | Reached skill level 6 in Maces & Flails
  1538 | D:3      | Reached XP level 5. HP: 46/46 MP: 4/4
  1703 | D:3      | Reached skill level 7 in Maces & Flails
  1729 | D:3      | Reached *** piety under Trog
  2041 | D:3      | Found a sparkling altar of Nemelex Xobeh.
  2057 | D:3      | Noticed Vorime's ghost (amateur MiBe)
  2068 | D:3      | Slain by Vorime's ghost

Skill      XL: |  1  2  3  4  5 |
---------------+----------------+-----
Maces & Flails | 4 5 6 7 |  7.3
Fighting       | 4 |  4.2
Armour         | |  2.8
Dodging        | |  2.1

Action                   |  1- 3 |  4- 6 || total
-------------------------+-------+-------++-------
Melee: Mace              |   101 |    23 ||   124
       Headbutt          |    17 |    19 ||    36
       Flail             |       |    70 ||    70
Invok: Trog's Hand       |       |     2 ||     2
       Berserk           |       |     1 ||     1
  Use: Scroll            |       |     3 ||     3
       Potion            |       |     1 ||     1
  Eat: Chunk             |     1 |     3 ||     4
Armor: Animal skin       |     4 |       ||     4
       Chain mail        |    39 |    46 ||    85
Dodge: Dodged            |    49 |    33 ||    82
Block: Buckler           |       |     2 ||     2
